 Dungeon Crawl Stone Soup version 0.21-a0-201-g8501b10 (webtiles) character file.

13654 Helio the Unseen (level 11, -2/56 HPs)
             Began as a Spriggan Enchanter on Aug 18, 2017.
             Was an Elder of Dithmenos.
             Killed by divine providence
             ... invoked by an orc priest
              (13 damage)
             ... on level 10 of the Dungeon.
             The game lasted 00:31:57 (12946 turns).

Helio the Unseen (Spriggan Enchanter)              Turns: 12946, Time: 00:31:58

Health: -2/56      AC:  5    Str:  6    XL:     11   Next: 78%
Magic:  21/24      EV: 27    Int: 18    God:    Dithmenos [****..]
Gold:   837        SH:  0    Dex: 21    Spells: 15/27 levels left

rFire    . . .     SeeInvis +   a - +2 dagger (pierce)
rCold    . . .     Gourm    .   (shield restricted)
rNeg     . . .     Faith    .   b - +1 robe
rPois    .         Spirit   .   r - +0 hat
rElec    .         Reflect  .   s - +1 cloak
rCorr    .         Harm     .   (gloves unavailable)
MR       +....                  (boots unavailable)
Stlth    ++++++++++             k - amulet of regeneration
HPRegen  0.58/turn              g - ring of stealth
MPRegen  0.19/turn              j - ring of stealth

@: wreathed by umbra, very quick
A: unfitting armour, thin skeletal structure 1, see invisible, agile 1,
herbivore 3, speed 3, slow metabolism 2, sturdy frame 1
a: Shadow Step, Renounce Religion


You were on level 10 of the Dungeon.
You worshipped Dithmenos.
Dithmenos was greatly pleased with you.
You were not hungry.

You visited 2 branches of the dungeon, and saw 11 of its levels.

You collected 837 gold pieces.

Inventory:

Hand Weapons
 a - a +2 dagger of piercing (weapon)
 E - a +5 dagger
Armour
 b - a +1 robe (worn)
 r - a +0 hat (worn)
 s - a +1 cloak (worn)
Jewellery
 g - a ring of stealth (left hand)
 h - an uncursed ring of wizardry
 j - a ring of stealth (right hand)
 k - an amulet of regeneration (around neck)
 y - an uncursed ring of protection from fire
 A - an uncursed ring of protection from cold
Wands
 t - a wand of digging (9/24)
 u - a wand of acid (0/15)
 x - a wand of paralysis (9/24)
Scrolls
 n - 3 scrolls of teleportation
 o - a scroll of amnesia
 q - a scroll of blinking
 w - 3 scrolls of remove curse
 z - a scroll of brand weapon
 C - 2 scrolls of magic mapping
 D - a scroll of recharging
Potions
 c - a potion of ambrosia
 e - 2 potions of curing
 f - 2 potions of flight
 i - 2 potions of invisibility
 l - a potion of agility
 m - a potion of mutation
 p - a potion of might
 v - a potion of resistance
Comestibles
 d - 7 bread rations
 B - a royal jelly


   Skills:
 + Level 5.3 Fighting
 + Level 7.0 Short Blades
 + Level 9.6 Dodging
 + Level 17.7 Stealth
 + Level 8.6 Spellcasting
 + Level 9.3 Hexes


You had 15 spell levels left.
You knew the following spells:

 Your Spells              Type           Power        Failure   Level  Hunger
a - Ensorcelled Hibernat  Hex/Ice        ###...       1%          2    None
b - Corona                Hex            #####..      1%          1    None
c - Confuse               Hex            #####...     1%          3    None
d - Tukima's Dance        Hex            #####...     1%          3    None
e - Dazzling Spray        Conj/Hex       ###...       4%          3    None


Dungeon Overview and Level Annotations

Branches:
Dungeon (10/15)            Temple (1/1) D:7            Lair (0/6) D:8
    Orc (0/2) D:10

Altars:
Ashenzari
Cheibriados
Dithmenos
Elyvilon
Fedhas
Gozag
Hepliaklqana
Kikubaaqudgha
Makhleb
Nemelex Xobeh
Okawaru
Qazlal
Ru
Sif Muna
Trog
Uskayaw
Vehumet
Wu Jian
Xom
Yredelemnul
Zin
The Shining One
Beogh

Annotations:
D:10 CakeIsGreat's ghost, journeyman GrEE


Innate Abilities, Weirdness & Mutations

You are very small and have problems with some larger weapons.
You are too small for most types of armour.
You have supernaturally acute eyesight. (SInv)
You are a herbivore.
You cover ground extremely quickly.
You need consume almost no food.
You have a somewhat thin skeletal structure. (Dex +2, Stealth)
You are agile. (Dex +2)
Your movements are slightly less encumbered by armour. (ER -2)


Message History

Confirm with . or Enter, or press ? or * to list all spells.
Aiming: Ensorcelled Hibernation
Press: ? - help, Shift-Dir - straight line, f - orc priest
Aim: an orc priest, wielding a short sword (hasn't noticed you, umbra, chance to defeat MR: 53%)
The orc priest looks drowsy...
Your shadow mimicks your spell!
The orc priest is unaffected.
The orc shouts!
CakeIsGreat's ghost turns its malevolent gaze towards you.
CakeIsGreat's ghost casts a spell at you.
The fireball explodes!
The fireball engulfs you!
Ouch! That really hurt!
* * * LOW HITPOINT WARNING * * *
You emit a cloud of dark smoke.
The wight misses you.
You hit the orc priest.
The orc priest is moderately wounded.
The orc priest calls down the wrath of Beogh upon you.
Beogh smites you!
You die...

####.#.# ########## #.#.#
#........# #.#.#
##.######.#######.#.# ..
#.#######...........# .#
#.#W.§..####.###.)### .#
##.8§§...# #.# #..# .#
###..'§§z..####.###..# .#
#.....8§@§o.#......#..###
.#
#.###.#.o§..#...........#
.#
#.###.#.o...#..._..#..#.#
.######
#.#...#8._.>#.........#.#
.)[[[.#
#.#.#.#.....#.........#.#
#####.#
#)#...#.....#.##.#....#.#
# #)###[##[.8..⌠..#.
#.....##.# ##
#W[o)...oz).....#
####..##.#
.###########(.8.....###
#.(##.#


You could see a wight, an orc priest and 2 orcs.

Vanquished Creatures
  Gastronok (D:9)
  6 two-headed ogres
  A centaur zombie (D:10)
  A cyclops (D:10)
  2 centaur skeletons (D:10)
  The ghost of smzp the Gusty, a novice TeAE (D:4)
  A hippogriff (D:7)
  7 yaks (D:10)
  Eustachio (D:5)
  A wraith (D:10)
  3 water moccasins
  2 porcupines (D:8)
  10 orc warriors
  A sky beast (D:10)
  4 black bears (D:8)
  2 eyes of draining (D:10)
  A phantom (D:6)
  5 ogres
  2 ice beasts
  A necrophage (D:7)
  3 centaurs
  A big kobold (D:10)
  5 bullfrogs
  A gnoll sergeant (D:8)
  A scorpion (D:9)
  11 killer bees (D:8)
  8 howler monkeys
  7 wights (D:10)
  2 crimson imps
  A bullfrog zombie (D:10)
  A quasit (D:8)
  7 orc priests
  2 hounds
  Crazy Yiuf (D:3)
  2 jellies
  5 iguanas
  Jessica (D:2)
  Terence (D:2)
  5 worker ants
  A hound zombie (D:7)
  A howler monkey zombie (D:8)
  A worker ant zombie (D:5)
  6 gnolls
  7 adders
  An adder skeleton (D:5)
  4 worms
  3 dart slugs
  9 leopard geckos
  46 orcs
  2 ball pythons
  7 bats
  6 giant cockroaches
  6 goblins
  7 hobgoblins
  10 jackals
  16 kobolds
  6 quokkas
  6 frilled lizards
  26 rats
  A spectral orc (D:6)
290 creatures vanquished.

Vanquished Creatures (collateral kills)
  A gnoll sergeant (D:10)
  A wight (D:10)
  2 gnolls (D:10)
  An orc (D:10)
5 creatures vanquished.

Grand Total: 295 creatures vanquished

Notes
Turn   | Place    | Note
-------+----------+-------------------------------------------
     0 | D:1      | Helio the Spriggan Enchanter began the quest for the Orb.
     0 | D:1      | Reached XP level 1. HP: 9/9 MP: 5/5
     2 | D:1      | Noticed an ogre
     4 | D:1      | Noticed a halfling
     4 | D:1      | Noticed a demonspawn
     6 | D:1      | Noticed a vampire
     8 | D:1      | Noticed a human
     8 | D:1      | Noticed a centaur
    10 | D:1      | Noticed a formicid
    10 | D:1      | Noticed a vine stalker
    12 | D:1      | Noticed a demigod
    14 | D:1      | Noticed a draconian
    14 | D:1      | Noticed a naga
    16 | D:1      | Noticed a gargoyle
    16 | D:1      | Noticed a dwarf
    18 | D:1      | Noticed a merfolk
    18 | D:1      | Noticed an octopode
    20 | D:1      | Noticed an elf
    20 | D:1      | Noticed a ghoul
    22 | D:1      | Noticed a minotaur
    22 | D:1      | Noticed a spriggan
    24 | D:1      | Noticed a tengu
    26 | D:1      | Noticed a troll
    26 | D:1      | Noticed a felid
   410 | D:1      | Reached XP level 2. HP: 13/13 MP: 7/7
   414 | D:1      | Learned a level 2 spell: Ensorcelled Hibernation
  1326 | D:1      | Reached XP level 3. HP: 16/16 MP: 6/9
  1331 | D:1      | Learned a level 3 spell: Confuse
  1335 | D:1      | Learned a level 3 spell: Tukima's Dance
  2133 | D:2      | Noticed Terence
  2156 | D:2      | Killed Terence
  2156 | D:2      | Reached skill level 5 in Hexes
  2156 | D:2      | Reached XP level 4. HP: 21/21 MP: 7/11
  2195 | D:2      | Found a shadowy altar of Dithmenos.
  2202 | D:2      | Became a worshipper of Dithmenos the Shadowed
  2509 | D:2      | Noticed Jessica
  2513 | D:2      | Killed Jessica
  2513 | D:2      | Reached skill level 5 in Stealth
  2829 | D:2      | Reached XP level 5. HP: 24/24 MP: 6/12
  2837 | D:2      | Reached * piety under Dithmenos
  2837 | D:2      | Reached skill level 6 in Stealth
  2865 | D:2      | Gained mutation: Your movements are slightly less encumbered by armour. (ER -2) [potion of mutation]
  2865 | D:2      | Gained mutation: You are agile. (Dex +2) [potion of mutation]
  2865 | D:2      | Gained mutation: You have a somewhat thin skeletal structure. (Dex +2, Stealth) [potion of mutation]
  2941 | D:3      | Learned a level 3 spell: Dazzling Spray
  3066 | D:3      | Found an ornate altar of the Wu Jian Council.
  3155 | D:3      | Found a glowing silver altar of Zin.
  3159 | D:3      | Found a deep blue altar of Sif Muna.
  3253 | D:3      | Found a runed door.
  3463 | D:3      | Reached skill level 7 in Stealth
  3755 | D:3      | Noticed Crazy Yiuf
  3759 | D:3      | Killed Crazy Yiuf
  3804 | D:4      | Found the +6 lightning scales {run, rElec}
  3853 | D:4      | Found a radiant altar of Vehumet.
  3932 | D:4      | Reached skill level 8 in Stealth
  4058 | D:4      | Noticed smzp's ghost (novice TeAE)
  4079 | D:4      | Killed smzp's ghost
  4079 | D:4      | Reached skill level 10 in Stealth
  4079 | D:4      | Reached XP level 6. HP: 28/28 MP: 10/13
  4141 | D:4      | Reached XP level 7. HP: 32/32 MP: 14/14
  4270 | D:4      | Found a stormy altar of Qazlal.
  4379 | D:4      | Found a snail-covered altar of Cheibriados.
  4608 | D:4      | Reached ** piety under Dithmenos
  4788 | D:5      | Entered Level 5 of the Dungeon
  4789 | D:5      | Reached skill level 11 in Stealth
  4859 | D:5      | Reached skill level 12 in Stealth
  5297 | D:5      | Found a radiant altar of Vehumet.
  5318 | D:5      | Noticed Eustachio
  5339 | D:5      | Killed Eustachio
  5339 | D:5      | Reached skill level 13 in Stealth
  5339 | D:5      | Reached XP level 8. HP: 32/36 MP: 7/15
  5415 | D:5      | Found a white marble altar of Elyvilon.
  5645 | D:6      | Noticed a two-headed ogre
  5650 | D:6      | Killed a two-headed ogre
  5650 | D:6      | Reached skill level 15 in Stealth
  5833 | D:6      | Found a basalt altar of Yredelemnul.
  6145 | D:6      | Reached skill level 1 in Fighting
  6145 | D:6      | Reached XP level 9. HP: 41/41 MP: 16/16
  6470 | D:7      | Found a staircase to the Ecumenical Temple.
  6477 | D:7      | Reached skill level 16 in Stealth
  6483 | Temple   | Entered the Ecumenical Temple
  7179 | D:7      | Reached *** piety under Dithmenos
  7192 | D:7      | Reached skill level 5 in Spellcasting
  7297 | D:8      | Found a bloodstained altar of Trog.
  7370 | D:8      | Found a sacrificial altar of Ru.
  7374 | D:8      | Noticed a two-headed ogre
  7385 | D:8      | Killed a two-headed ogre
  7385 | D:8      | Reached skill level 5 in Dodging
  7412 | D:8      | Reached XP level 10. HP: 48/48 MP: 17/19
  8120 | D:8      | Found a staircase to the Lair.
  8361 | D:8      | Found a roughly hewn altar of Beogh.
  8510 | D:8      | Reached **** piety under Dithmenos
  8842 | D:8      | Noticed a two-headed ogre
  8844 | D:8      | Reached skill level 5 in Short Blades
  8852 | D:8      | Killed a two-headed ogre
  9162 | D:8      | Reached skill level 17 in Stealth
  9371 | D:8      | Found a sparkling altar of Nemelex Xobeh.
  9486 | D:9      | Found a glowing golden altar of the Shining One.
  9581 | D:9      | Noticed a two-headed ogre
  9584 | D:9      | Killed a two-headed ogre
  9758 | D:9      | Noticed a two-headed ogre
  9782 | D:9      | Killed a two-headed ogre
  9782 | D:9      | Reached XP level 11. HP: 54/54 MP: 14/23
 10016 | D:9      | Noticed Gastronok
 10295 | D:9      | Killed Gastronok
 10641 | D:10     | Entered Level 10 of the Dungeon
 10677 | D:10     | Found a roughly hewn altar of Beogh.
 10677 | D:10     | Found a staircase to the Orcish Mines.
 10804 | D:10     | Noticed a two-headed ogre
 10809 | D:10     | Killed a two-headed ogre
 10809 | D:10     | Reached skill level 5 in Fighting
 11024 | D:10     | Found a hazy altar of Hepliaklqana.
 11777 | D:10     | Noticed CakeIsGreat's ghost (journeyman GrEE)
 12946 | D:10     | Killed from afar by an orc priest

Vault maps used:
D:1:      kb_arrival_jail, minmay_pentomino_x2
D:2:      grunt_dithmenos_smoke_and_mirrors, kennysheep_nondescript, hex_large,
          minmay_rat_hole, uniq_jessica, uniq_terence
D:3:      lemuel_crystal_altar, minitemple, uniq_crazy_yiuf_cottage
D:4:      lemuel_coloured_pillars_altar, vehumet_altar_wand_db,
          kennysheep_mini_moat, hex_tiny
D:5:      kennysheep_little_box, basic_altar, first_bread, uniq_eustachio
D:6:      yredelemnul_forgotten_temple_becter
D:7:      temple_fountains
D:8:      marbit_many_paths, trog_ov_bears_minmay, hangedman_ru_absence,
          grunt_lair_entry_orc_guard_hut, special_room
D:9:      tso_metal_star, uniq_gastronok
D:10:     david_orc_5, basic_altar, serial_glass, glass_columns_a,
          glass_columns_a
Temple:   compressed_dpeg_triangle_lava_temple

Skill      XL: |  1  2  3  4  5  6  7  8  9 10 11 |
---------------+----------------------------------+-----
Spellcasting   | 3 4 5 7 8 |  8.6
Hexes          | 4 5 6 8 9 |  9.3
Stealth        | 5 10 13 15 16 17 | 17.7
Fighting       | 1 2 4 5 |  5.3
Short Blades   | 4 5 7 |  7.0
Dodging        | 5 7 9 |  9.6

Action                   |  1- 3 |  4- 6 |  7- 9 | 10-12 || total
-------------------------+-------+-------+-------+-------++-------
Melee: Dagger            |   148 |   180 |   129 |   495 ||   952
 Cast: Corona            |     4 |       |       |       ||     4
       Ensorcelled Hiber |    12 |    12 |    22 |    66 ||   112
       Confuse           |     2 |     2 |    16 |    51 ||    71
       Dazzling Spray    |       |     1 |       |    13 ||    14
       Tukima's Dance    |       |       |       |     7 ||     7
Evoke: Wand              |       |       |       |    10 ||    10
  Use: Scroll            |     1 |    13 |     8 |     3 ||    25
       Potion            |       |     1 |     1 |     4 ||     6
 Stab: Sleeping          |    19 |    28 |    50 |    51 ||   148
       Confused          |     4 |     2 |    10 |    24 ||    40
       Distracted        |       |       |     1 |     2 ||     3
  Eat: Fruit             |       |     1 |       |     2 ||     3
       Bread ration      |       |     1 |       |       ||     1
       Royal jelly       |       |       |       |     3 ||     3
Armor: Robe              |    13 |     8 |     7 |    23 ||    51
Dodge: Dodged            |   109 |   150 |    83 |   339 ||   681
